[Event "Titled Tuesday Blitz June 27 Early 2023"]
[White "Alvarado Diaz, Alejandro"]
[Black "Melikhov, Evgeny V."]
[WhiteFideId "2276119"]
[BlackFideId "4122046"]
[WhiteElo "2514"]
[BlackElo "2363"]
[Result "0-1"]
[Round "6"]
[TimeControl "180+2"]
[Date "2023.06.27"]
[WhiteClock "0:00:00"]
[BlackClock "0:00:19"]
[Board "144"]

1. d4 Nf6 2. c4 e6 3. Nc3 Bb4 4. Nf3 d5 5. cxd5 exd5 6. Bg5 h6 7. Bh4 c5 8. e3 g5 9. Bg3 Ne4 10. Qc2 Qa5 11. Rc1 Qxa2 12. Bb5+ Bd7 13. Bxd7+ Nxd7 14. O-O Bxc3 15. bxc3 Qxc2 16. Rxc2 c4 17. Rb1 O-O-O 18. Nd2 Nxd2 19. Rxd2 h5 20. h4 g4 21. Rdb2 b6 22. Rb5 Nb8 23. R1b4 Rh6 24. Bf4 Re6 25. f3 gxf3 26. gxf3 Nc6 27. Rb2 Rg6+ 28. Kf1 Rdg8 29. Rf2 Rg1+ 30. Ke2 Rc1 31. Rxd5 Rgg1 32. e4 Rc2+ 33. Ke3 Re1+ 0-1


[Site "https://www.chess.com"]

[Event "Titled Tuesday Blitz June 27 Early 2023"]
[White "Fernandez Siles, Luis"]
[Black "Gamayev, Oleg"]
[WhiteFideId "2209420"]
[BlackFideId "2802813"]
[WhiteElo "2363"]
[BlackElo "2510"]
[Result "1/2-1/2"]
[Round "6"]
[TimeControl "180+2"]
[Date "2023.06.27"]
[WhiteClock "0:00:44"]
[BlackClock "0:02:11"]
[Board "145"]

1. e4 d6 2. Nc3 Nf6 3. f4 e5 4. Nf3 exf4 5. Bc4 Be7 6. d4 O-O 7. Bxf4 Nxe4 8. Nxe4 d5 9. Bd3 dxe4 10. Bxe4 c6 11. Qd3 h6 12. O-O-O Nd7 13. g4 Nf6 14. Bf5 Nxg4 15. Bxg4 Bxg4 16. Rdg1 Bxf3 17. Qxf3 Bg5 18. Bxg5 hxg5 19. h4 Qf6 20. Qxf6 gxf6 21. hxg5 f5 22. g6 fxg6 23. Rxg6+ Kf7 24. Rd6 Ke7 25. Rhh6 f4 26. Rhe6+ Kf7 27. Rf6+ Ke7 28. Rfe6+ Kf7 29. Rf6+ Ke7 30. Rfe6+ 1/2-1/2


[Site "https://www.chess.com"]

[Event "Titled Tuesday Blitz June 27 Early 2023"]
[White "Shubenkova, Veronika"]
[Black "Tarasova, Viktoriya"]
[WhiteFideId "44124040"]
[BlackFideId "4175840"]
[WhiteElo "2510"]
[BlackElo "2362"]
[Result "1/2-1/2"]
[Round "6"]
[TimeControl "180+2"]
[Date "2023.06.27"]
[WhiteClock "0:00:59"]
[BlackClock "0:00:08"]
[Board "146"]

1. e4 e5 2. Nf3 Nc6 3. Bb5 Nf6 4. Bxc6 dxc6 5. O-O Nd7 6. d4 exd4 7. Nxd4 g6 8. e5 Nc5 9. Re1 Bg7 10. c3 O-O 11. Na3 Ne6 12. Nac2 c5 13. Nf3 b6 14. b3 Bb7 15. Bb2 Qxd1 16. Raxd1 Rad8 17. c4 Nf4 18. Ne3 Nd3 19. Re2 Bxf3 20. gxf3 Nxb2 21. Rxb2 Bxe5 22. Re2 Rxd1+ 23. Nxd1 f6 24. Ne3 Rd8 25. Nd5 Kf7 26. f4 c6 27. Nxb6 axb6 28. fxe5 Re8 29. f4 g5 30. Rd2 gxf4 31. exf6 Kxf6 32. Kf2 Kf5 33. Rd7 h5 34. Rb7 Rd8 35. Rxb6 Rd2+ 36. Kg1 Rxa2 37. Rxc6 Rb2 38. Rxc5+ Ke4 39. Rxh5 Rxb3 40. Rh8 Rb1+ 41. Kf2 Rb2+ 42. Ke1 Rb1+ 43. Kf2 Rb2+ 44. Kf1 Rb1+ 45. Ke2 Rb2+ 46. Kf1 Rb1+ 47. Kf2 1/2-1/2


[Site "https://www.chess.com"]

[Event "Titled Tuesday Blitz June 27 Early 2023"]
[White "arenal72"]
[Black "Estrada Nieto, Julian"]
[BlackFideId "5101018"]
[WhiteElo "2359"]
[BlackElo "2507"]
[Result "1-0"]
[Round "6"]
[TimeControl "180+2"]
[Date "2023.06.27"]
[WhiteClock "0:00:31"]
[BlackClock "0:00:05"]
[Board "147"]

1. e4 e5 2. Nf3 Nc6 3. Bb5 a6 4. Ba4 Nf6 5. O-O Be7 6. Re1 b5 7. Bb3 d6 8. c3 O-O 9. a4 b4 10. h3 Rb8 11. d4 bxc3 12. bxc3 exd4 13. cxd4 d5 14. e5 Ne4 15. Nbd2 Bf5 16. Ba3 Bxa3 17. Rxa3 Rb4 18. Qc1 Nxd4 19. Nxd4 Rxd4 20. Nf3 Rb4 21. Qc6 Be6 22. Rd1 Rb6 23. Qc2 Qe7 24. Raa1 c6 25. Nd4 Rfb8 26. a5 Rxb3 27. Nxb3 c5 28. Rab1 Rb5 29. f3 Ng3 30. Qf2 Nf5 31. Rdc1 c4 32. Nd4 Nxd4 33. Qxd4 Rxb1 34. Rxb1 h5 35. Rb6 Qa3 36. Rxa6 c3 37. Rc6 Qxa5 38. Rxc3 Qa1+ 39. Kh2 h4 40. Rc8+ Kh7 41. Qxa1 1-0


[Site "https://www.chess.com"]

[Event "Titled Tuesday Blitz June 27 Early 2023"]
[White "Vovk, Orest"]
[Black "Dishman, Stephen"]
[WhiteFideId "14113490"]
[BlackFideId "403024"]
[WhiteElo "2506"]
[BlackElo "2359"]
[Result "0-1"]
[Round "6"]
[TimeControl "180+2"]
[Date "2023.06.27"]
[WhiteClock "0:00:00"]
[BlackClock "0:00:15"]
[Board "148"]

1. h3 d5 2. g4 e5 3. Bg2 c6 4. d4 e4 5. c4 Be6 6. Nc3 Qd7 7. Qb3 Bd6 8. c5 Be7 9. Bf4 h5 10. g5 h4 11. e3 Rh5 12. f3 Bxg5 13. Bxb8 Rxb8 14. f4 Bd8 15. Nge2 Bc7 16. O-O-O Ne7 17. Kb1 Nf5 18. Na4 b5 19. cxb6 axb6 20. Rc1 Rh6 21. Rhd1 Rg6 22. Bf1 Ne7 23. f5 Bxf5 24. Nf4 Bxf4 25. exf4 Rg3 26. Qb4 Bxh3 27. Ba6 Qa7 28. Be2 Rg6 29. Rh1 Bg4 30. Bf1 Rh6 31. Rg1 f5 32. a3 h3 33. Nc3 h2 34. Rh1 Bf3 35. Be2 Bxh1 36. Rxh1 Qa5 37. Qb3 b5 38. Na2 Qa4 39. Qc3 Kd7 40. Nb4 Rbh8 41. Qg3 g6 42. Qg5 Qb3 43. Qf6 Qe3 44. Bxb5 cxb5 45. Na6 Qd3+ 46. Ka1 Rc8 47. Nc5+ Rxc5 48. dxc5 Qf3 49. Qd6+ Ke8 50. Rxh2 Rxh2 51. c6 Qb3 52. Qd7+ Kf7 53. Qxd5+ Nxd5 0-1


[Site "https://www.chess.com"]

[Event "Titled Tuesday Blitz June 27 Early 2023"]
[White "Vasques, Antonio Pedro Freixial"]
[Black "Vyatkin, Dmitry"]
[WhiteFideId "1908332"]
[BlackFideId "4171900"]
[WhiteElo "2359"]
[BlackElo "2502"]
[Result "1/2-1/2"]
[Round "6"]
[TimeControl "180+2"]
[Date "2023.06.27"]
[WhiteClock "0:00:15"]
[BlackClock "0:00:10"]
[Board "149"]

1. c4 Nf6 2. d4 g6 3. Nc3 Bg7 4. Nf3 d6 5. g3 O-O 6. Bg2 Nc6 7. O-O a6 8. Qd3 Nb4 9. Qb1 a5 10. a3 Na6 11. Rd1 c6 12. e4 Bg4 13. h3 Bxf3 14. Bxf3 Qc7 15. Be3 e5 16. d5 Nc5 17. b4 axb4 18. axb4 Rxa1 19. Qxa1 Nb3 20. Qb2 Nd4 21. Bxd4 exd4 22. Ne2 Re8 23. Nxd4 Nxe4 24. Re1 c5 25. Rxe4 Rxe4 26. Bxe4 Bxd4 27. Qb3 Qb6 28. b5 Qa5 29. Kg2 Qe1 30. Qf3 f5 31. Bd3 Qd2 32. Qe2 Qxe2 33. Bxe2 Kf7 34. f4 Ke7 35. Kf3 Kd7 36. g4 fxg4+ 37. hxg4 Ke7 38. Bd3 Kf6 39. g5+ Kf7 40. Kg4 Kg7 41. Be4 Be3 42. f5 gxf5+ 43. Kxf5 Kf7 44. Bf3 b6 45. Bh5+ Ke7 46. Kg4 Kf8 47. Kf5 Ke7 48. Be2 Bd2 49. Bd3 Kf7 50. Kg4 Kg7 51. Kh5 Bc1 52. Bf5 Bd2 53. Be4 h6 54. gxh6+ Bxh6 55. Kg4 Kf6 56. Kf3 Ke5 57. Bd3 Kd4 58. Bf1 Bg7 59. Be2 Be5 60. Bf1 Kc3 61. Be2 Kd4 62. Bf1 Kc3 63. Be2 Kd4 1/2-1/2


[Site "https://www.chess.com"]

[Event "Titled Tuesday Blitz June 27 Early 2023"]
[White "Bogaudinov, Rushan"]
[Black "Pham, Le Thao Nguyen"]
[WhiteFideId "4129288"]
[BlackFideId "12401226"]
[WhiteElo "2358"]
[BlackElo "2497"]
[Result "0-1"]
[Round "6"]
[TimeControl "180+2"]
[Date "2023.06.27"]
[WhiteClock "0:00:00"]
[BlackClock "0:00:28"]
[Board "150"]

1. d4 d5 2. Nf3 Nf6 3. e3 c6 4. Be2 Bg4 5. O-O Nbd7 6. Nbd2 e6 7. c4 Bd6 8. c5 Bc7 9. b4 a6 10. Bb2 O-O 11. a4 Re8 12. h3 Bh5 13. Ne5 Bxe2 14. Qxe2 Nxe5 15. dxe5 Nd7 16. f4 a5 17. Bc3 axb4 18. Bxb4 Ba5 19. Bxa5 Qxa5 20. Nb3 Qc3 21. Nd4 Qxc5 22. Rfc1 Qa5 23. Qb2 Ra7 24. Qa3 Rea8 25. Qe7 Qd8 26. Qd6 Nb6 27. a5 Nc4 28. Qb4 Nxe3 29. a6 Rxa6 30. Rxa6 bxa6 31. Nxc6 Qe8 32. Qb7 Nc4 33. f5 h6 34. fxe6 fxe6 35. Rf1 a5 36. Nd4 a4 37. Nxe6 Qxe6 38. Qxa8+ Kh7 39. Qxa4 Qxe5 40. Qc2+ Kg8 41. Qg6 Ne3 42. Rf3 Qa1+ 43. Kf2 d4 0-1


[Site "https://www.chess.com"]

[Event "Titled Tuesday Blitz June 27 Early 2023"]
[White "Czerw, Dawid"]
[Black "Adireddy Arjun"]
[WhiteFideId "1145746"]
[BlackFideId "25647709"]
[WhiteElo "2489"]
[BlackElo "2340"]
[Result "1-0"]
[Round "6"]
[TimeControl "180+2"]
[Date "2023.06.27"]
[WhiteClock "0:00:12"]
[BlackClock "0:00:02"]
[Board "151"]

1. e4 c5 2. Nf3 Nc6 3. d4 cxd4 4. Nxd4 e6 5. Nc3 Qc7 6. Be3 Nf6 7. Qd2 Bb4 8. Nxc6 bxc6 9. f3 O-O 10. O-O-O d5 11. Bg5 Nd7 12. Qe3 Bb7 13. g4 Bc5 14. Qe1 d4 15. Ne2 e5 16. Ng3 f6 17. Bc4+ Kh8 18. Bd2 a5 19. Nf5 a4 20. Qh4 Nb6 21. Bd3 a3 22. b3 Ba6 23. Rhg1 g6 24. Nh6 g5 25. Qh5 Bxd3 26. cxd3 Bd6 27. h4 c5 28. hxg5 c4 29. dxc4 Nxc4 30. Kb1 Nxd2+ 31. Rxd2 fxg5 32. Rh1 Bb4 33. Rdh2 Ra7 34. Qxg5 d3 35. Nf5 Qc8 36. Rxh7+ Rxh7 37. Qg7# 1-0


[Site "https://www.chess.com"]

[Event "Titled Tuesday Blitz June 27 Early 2023"]
[White "Vifleemskaia, Svetlana"]
[Black "Womacka, Mathias"]
[WhiteFideId "4129490"]
[BlackFideId "4611390"]
[WhiteElo "2331"]
[BlackElo "2486"]
[Result "0-1"]
[Round "6"]
[TimeControl "180+2"]
[Date "2023.06.27"]
[WhiteClock "0:00:02"]
[BlackClock "0:01:14"]
[Board "153"]

1. d4 Nf6 2. c4 e6 3. Nc3 Bb4 4. e3 c5 5. Ne2 cxd4 6. exd4 O-O 7. a3 Be7 8. d5 exd5 9. cxd5 Bc5 10. b4 Bd6 11. g3 a5 12. b5 Be5 13. Bg2 d6 14. O-O Nbd7 15. Be3 Nc5 16. h3 Bd7 17. f4 Bxc3 18. Nxc3 Rc8 19. Bd4 Re8 20. f5 Nfe4 21. Nxe4 Nxe4 22. Qd3 Nc5 23. Qb1 Qg5 24. Kh2 Re2 25. Ra2 Rxa2 26. Qxa2 Bxf5 27. Qf2 Bg6 28. Rc1 Qxc1 0-1


[Site "https://www.chess.com"]

[Event "Titled Tuesday Blitz June 27 Early 2023"]
[White "Davidson, Kevin"]
[Black "Eynullayev, Altay"]
[WhiteFideId "2056810"]
[BlackFideId "13413562"]
[WhiteElo "2326"]
[BlackElo "2484"]
[Result "1-0"]
[Round "6"]
[TimeControl "180+2"]
[Date "2023.06.27"]
[WhiteClock "0:00:01"]
[BlackClock "0:00:00"]
[Board "154"]

1. e4 c5 2. Nf3 d6 3. d4 cxd4 4. Nxd4 Nf6 5. Nc3 a6 6. h3 e5 7. Nde2 h5 8. Bg5 Be6 9. Bxf6 Qxf6 10. Nd5 Qd8 11. Nec3 g6 12. Bc4 Bg7 13. O-O O-O 14. Qd3 Nd7 15. a4 Rc8 16. a5 Nc5 17. Qe2 Rc6 18. b4 Nd7 19. Bb3 Qg5 20. Kh2 h4 21. Rad1 Rcc8 22. Rd3 Nb8 23. Nb6 Rcd8 24. Ncd5 Nc6 25. c3 Kh8 26. Rfd1 f5 27. f3 Rf7 28. Qd2 Bh6 29. Qxg5 Bxg5 30. Kg1 Kh7 31. Bc4 Kh6 32. Ne3 Bxe3+ 33. Rxe3 Bxc4 34. Nxc4 fxe4 35. fxe4 Na7 36. Red3 Nb5 37. R1d2 Rfd7 38. Ne3 Rc7 39. Nd5 Rc4 40. Re2 Rf8 41. Rf2 Rxf2 42. Kxf2 Rxe4 43. Nb6 Rf4+ 44. Ke2 e4 45. Rd4 Kg5 46. c4 Nc3+ 47. Ke3 1-0


[Site "https://www.chess.com"]

[Event "Titled Tuesday Blitz June 27 Early 2023"]
[White "Wang, Alexander J"]
[Black "Sai Han Thiha"]
[WhiteFideId "30955270"]
[BlackFideId "13012290"]
[WhiteElo "2319"]
[BlackElo "2481"]
[Result "0-1"]
[Round "6"]
[TimeControl "180+2"]
[Date "2023.06.27"]
[WhiteClock "0:00:30"]
[BlackClock "0:00:17"]
[Board "156"]

1. e4 c6 2. d4 d5 3. f3 dxe4 4. fxe4 e5 5. Nf3 Bg4 6. Bc4 Nd7 7. c3 b5 8. Bb3 Ngf6 9. O-O Bd6 10. Bg5 Qc7 11. h3 Bh5 12. Nbd2 O-O 13. a4 a6 14. axb5 axb5 15. Qe2 Rfe8 16. Rxa8 Rxa8 17. g4 Bg6 18. Nh4 Re8 19. Nxg6 hxg6 20. Bxf6 gxf6 21. g5 exd4 22. gxf6 Nc5 23. Ba2 dxc3 24. Qg4 Ne6 25. bxc3 Qa7+ 26. Kh1 Qxa2 27. Nf3 Nf8 28. Qh4 Qe2 29. Rf2 Qxe4 30. Qh6 Ne6 31. Kg2 Bf8 32. Qd2 Nf4+ 33. Kg3 Bh6 34. Qd7 Qe6 35. Qxe6 Rxe6 0-1


[Site "https://www.chess.com"]

[Event "Titled Tuesday Blitz June 27 Early 2023"]
[White "NLLO777"]
[Black "Sarkar, Justin"]
[BlackFideId "2010011"]
[WhiteElo "2474"]
[BlackElo "2281"]
[Result "1-0"]
[Round "6"]
[TimeControl "180+2"]
[Date "2023.06.27"]
[WhiteClock "0:01:48"]
[BlackClock "0:00:00"]
[Board "157"]

1. Nf3 d5 2. c4 d4 3. d3 c5 4. b4 cxb4 5. a3 b3 6. g3 e5 7. Bg2 Nc6 8. O-O a5 9. Qxb3 a4 10. Qb2 Bc5 11. Bd2 Nf6 12. Bb4 Qd6 13. Bxc5 Qxc5 14. Nbd2 O-O 15. Ne1 Bg4 16. Ne4 Nxe4 17. Bxe4 Rab8 18. Bg2 b5 19. cxb5 Rxb5 20. Qc1 Rc8 21. Nf3 Ne7 22. Qxc5 Rbxc5 23. Rfc1 f6 24. Rxc5 Rxc5 25. h3 Be6 26. Kf1 Rc3 27. Nd2 Bd5 28. Ne4 Rb3 29. Nc5 Bxg2+ 30. Kxg2 1-0


[Site "https://www.chess.com"]

[Event "Titled Tuesday Blitz June 27 Early 2023"]
[White "Fudalej, Michal"]
[Black "Kielinkei"]
[WhiteFideId "1118781"]
[WhiteElo "2269"]
[BlackElo "2468"]
[Result "0-1"]
[Round "6"]
[TimeControl "180+2"]
[Date "2023.06.27"]
[WhiteClock "0:00:16"]
[BlackClock "0:00:52"]
[Board "158"]

1. Nf3 d5 2. g3 Nc6 3. d4 Bf5 4. Bg2 Qd7 5. c4 Nb4 6. Ne5 Nc2+ 7. Qxc2 Bxc2 8. Nxd7 Kxd7 9. Bxd5 c6 10. Bxf7 g6 11. d5 Bf5 12. f3 Nh6 13. Bxh6 Bxh6 14. g4 Rhf8 15. gxf5 Rxf7 16. fxg6 hxg6 17. Nc3 Bf4 18. Rd1 Rh8 19. h3 Rfh7 20. Kf2 Rxh3 21. Rxh3 Rxh3 22. Ne4 Rh2+ 23. Kf1 Rh1+ 0-1


[Site "https://www.chess.com"]

[Event "Titled Tuesday Blitz June 27 Early 2023"]
[White "Corredor Castellanos, Camilo"]
[Black "EdmundPlayer"]
[WhiteFideId "4425871"]
[WhiteElo "2466"]
[BlackElo "2279"]
[Result "0-1"]
[Round "6"]
[TimeControl "180+2"]
[Date "2023.06.27"]
[WhiteClock "0:01:20"]
[BlackClock "0:00:12"]
[Board "159"]

1. e4 e5 2. Nf3 Nc6 3. Bb5 a6 4. Ba4 Nf6 5. d3 b5 6. Bb3 Bc5 7. Nc3 d6 8. a4 Rb8 9. axb5 axb5 10. O-O Bg4 11. h3 Bxf3 12. Qxf3 Nd4 13. Qg3 Nxb3 14. cxb3 O-O 15. Bh6 Ne8 16. Kh1 Kh8 17. Bg5 Qd7 18. f4 h6 19. Bh4 exf4 20. Rxf4 Bd4 21. Raf1 Be5 22. Qg4 Qxg4 23. Rxg4 g5 24. Be1 Nf6 25. Rg3 Bxg3 26. Bxg3 Kg7 27. e5 Nh5 28. Bh2 Nf4 29. exd6 cxd6 30. h4 Rfd8 31. hxg5 hxg5 32. Ne4 Nxd3 33. Nxg5 Rd7 34. Rd1 Nf2+ 0-1


[Site "https://www.chess.com"]

[Event "Titled Tuesday Blitz June 27 Early 2023"]
[White "Zuriel, Marisa"]
[Black "Eynullayev, Atilla"]
[WhiteFideId "109142"]
[BlackFideId "13413570"]
[WhiteElo "2261"]
[BlackElo "2463"]
[Result "1-0"]
[Round "6"]
[TimeControl "180+2"]
[Date "2023.06.27"]
[WhiteClock "0:01:30"]
[BlackClock "0:01:38"]
[Board "161"]

1. e4 c5 2. Nf3 e6 3. d4 cxd4 4. Nxd4 a6 5. Nc3 b5 6. a3 Bb7 7. Bd3 Nc6 8. Nxc6 Bxc6 9. O-O Ne7 10. f4 d5 11. e5 Nf5 12. Kh1 Qh4 13. Bxf5 exf5 14. Ne2 Bc5 15. Nd4 Bd7 16. Be3 Qe7 17. Qd2 O-O 18. Rad1 Rfd8 19. Rf3 b4 20. axb4 Bxb4 21. c3 Bc5 22. Rg3 a5 23. Qc2 Bxd4 24. Bxd4 a4 25. e6 fxe6 26. Rxg7+ Qxg7 27. Bxg7 Kxg7 28. Rd3 Be8 29. Qe2 Bb5 30. Rg3+ 1-0


[Site "https://www.chess.com"]

[Event "Titled Tuesday Blitz June 27 Early 2023"]
[White "Lopez Gracia, Fernando"]
[Black "Ishowmoves57"]
[WhiteFideId "2207184"]
[WhiteElo "2460"]
[BlackElo "2096"]
[Result "1-0"]
[Round "6"]
[TimeControl "180+2"]
[Date "2023.06.27"]
[WhiteClock "0:01:19"]
[BlackClock "0:00:47"]
[Board "162"]

1. e4 c5 2. Nf3 Nc6 3. b3 g6 4. Bb2 Nf6 5. e5 Nd5 6. Bc4 Nb6 7. Bxf7+ Kxf7 8. Ng5+ Kg8 9. Qf3 Qe8 10. e6 dxe6 11. Bxh8 Kxh8 12. h4 Nd4 13. Qe4 Qc6 14. Qf4 Bg7 15. h5 Nxc2+ 16. Kd1 Nxa1 17. hxg6 h6 18. Nf7+ Kg8 19. Nxh6+ Bxh6 20. Qf7+ Kh8 21. Rxh6# 1-0


[Site "https://www.chess.com"]

[Event "Titled Tuesday Blitz June 27 Early 2023"]
[White "Remizov, Yaroslav"]
[Black "Gulkov, Igor A."]
[WhiteFideId "34134015"]
[BlackFideId "4120973"]
[WhiteElo "2777"]
[BlackElo "2398"]
[Result "0-1"]
[Round "6"]
[TimeControl "180+2"]
[Date "2023.06.27"]
[WhiteClock "0:00:26"]
[BlackClock "0:00:15"]
[Board "163"]

1. d4 Nf6 2. c4 e6 3. Nf3 Bb4+ 4. Nc3 b6 5. g3 Bb7 6. Bg2 O-O 7. O-O Bxc3 8. bxc3 d6 9. Ba3 Nbd7 10. Nd2 Bxg2 11. Kxg2 c5 12. e4 Qc7 13. Qe2 Qc6 14. f4 Rac8 15. d5 Qa4 16. Bb2 Qc2 17. Rab1 exd5 18. Rfc1 Qa4 19. cxd5 c4 20. Qf3 Rfe8 21. g4 Nc5 22. Re1 Nd3 23. Re3 Qc2 24. Re2 Nxb2 25. Rxb2 Qxb2 26. Nxc4 Qb1 27. Nxd6 Nd7 28. Nxc8 Rxc8 29. e5 Nc5 30. e6 fxe6 31. dxe6 Qd3 32. Qf1 Qd5+ 33. Kg1 Nxe6 34. f5 Ng5 35. Rf2 Rxc3 36. f6 Nf3+ 37. Kh1 Nd2+ 38. Qg2 Rc1+ 0-1


[Site "https://www.chess.com"]

[Event "Titled Tuesday Blitz June 27 Early 2023"]
[White "Bilan, Danila"]
[Black "FuenfgegenWilly"]
[WhiteFideId "24161918"]
[WhiteElo "2529"]
[BlackElo "2385"]
[Result "1/2-1/2"]
[Round "6"]
[TimeControl "180+2"]
[Date "2023.06.27"]
[WhiteClock "0:00:07"]
[BlackClock "0:01:12"]
[Board "164"]

1. d4 d5 2. Nf3 Nf6 3. c4 e6 4. Nc3 dxc4 5. e3 a6 6. Bxc4 b5 7. Be2 c5 8. O-O Bb7 9. dxc5 Qxd1 10. Rxd1 Bxc5 11. a3 Nbd7 12. b4 Bb6 13. a4 Rc8 14. Bb2 bxa4 15. Rxa4 Ke7 16. Bxa6 Bxa6 17. Rxa6 Ra8 18. Rda1 Rxa6 19. Rxa6 Rc8 20. g3 e5 21. Ng5 Rc4 22. b5 h6 23. Nf3 Ke6 24. Nxe5 Kxe5 25. Na4+ Ke4 26. Nxb6 Rb4 27. Nxd7 Rxb2 28. Nxf6+ Kf3 29. h3 Rxf2 30. Ng4 Rb2 31. e4 Rb1+ 32. Kh2 Rb2+ 33. Kg1 Rb1+ 34. Kh2 Rb2+ 35. Kg1 1/2-1/2


[Site "https://www.chess.com"]

[Event "Titled Tuesday Blitz June 27 Early 2023"]
[White "Yelisieiev, Yevhenii"]
[Black "Fajdetic, Hrvoje"]
[WhiteFideId "14139642"]
[BlackFideId "14501945"]
[WhiteElo "2511"]
[BlackElo "2351"]
[Result "1-0"]
[Round "6"]
[TimeControl "180+2"]
[Date "2023.06.27"]
[WhiteClock "0:00:02"]
[BlackClock "0:00:00"]
[Board "165"]

1. d4 e6 2. Nf3 d5 3. c4 f5 4. Nc3 c6 5. g3 Nf6 6. Bg2 Bd6 7. O-O O-O 8. Bf4 Ne4 9. Rb1 a5 10. Qc2 b6 11. a3 Ba6 12. cxd5 cxd5 13. Bxd6 Qxd6 14. Ne5 Nd7 15. Nd3 Bxd3 16. Qxd3 Rfc8 17. Nb5 Qc6 18. a4 Nd6 19. Na3 Qxa4 20. Rfc1 b5 21. Qe3 Kf7 22. Ra1 Rxc1+ 23. Rxc1 Nc4 24. Qf4 Ra7 25. Nxc4 bxc4 26. g4 g6 27. gxf5 gxf5 28. e4 dxe4 29. d5 Nf6 30. dxe6+ Kxe6 31. Bh3 Qb5 32. Rd1 Qe5 33. Qh6 Rd7 34. Rxd7 Kxd7 35. Qg7+ Ke6 36. Qf8 Qc7 37. Qa3 Ke5 38. Qg3+ f4 39. Qg5+ Kd4 40. Qxf6+ Qe5 41. Qb6+ Kd3 42. Bf1+ Kd2 43. Bxc4 e3 44. fxe3 Qxe3+ 45. Qxe3+ fxe3 46. Kf1 Kc2 47. b3 Kc3 48. Bd5 Kd4 49. Bg8 h6 50. Ke2 Ke4 51. Bc4 Kd4 52. Bd3 1-0


[Site "https://www.chess.com"]

[Event "Titled Tuesday Blitz June 27 Early 2023"]
[White "Rosenberg, Evan S"]
[Black "Tikhonov, Viacheslav"]
[WhiteFideId "2019299"]
[BlackFideId "44196407"]
[WhiteElo "2336"]
[BlackElo "2504"]
[Result "1-0"]
[Round "6"]
[TimeControl "180+2"]
[Date "2023.06.27"]
[WhiteClock "0:00:19"]
[BlackClock "0:01:44"]
[Board "166"]

1. d4 Nf6 2. Nf3 d5 3. Bg5 Ne4 4. Bh4 c5 5. e3 Qb6 6. Nc3 Nxc3 7. bxc3 Bg4 8. Be2 e6 9. O-O Nc6 10. Rb1 Qc7 11. Bg3 Qc8 12. h3 Bh5 13. Ne5 Bxe2 14. Qxe2 c4 15. e4 dxe4 16. Qxe4 Na5 17. d5 Be7 18. d6 Bxd6 19. Nxf7 Kxf7 20. Bxd6 Re8 21. Qxh7 e5 22. Qh5+ Kg8 23. Bxe5 Nc6 24. Bd4 Qd7 25. Rfd1 Qe7 26. Qd5+ Qe6 27. Qxe6+ Rxe6 28. Rxb7 Re7 29. Rxe7 Nxe7 30. Rb1 Nc6 31. Rb7 Re8 32. Rxg7+ Kf8 33. Rc7 Nd8 34. Rxa7 Re1+ 35. Kh2 Re2 36. a4 Rxc2 37. a5 Ra2 38. a6 Nc6 39. Ra8+ Kf7 40. Be3 Kg7 41. a7 Ra3 42. Rc8 Nxa7 43. Rc7+ Kg6 44. Rxa7 Rxc3 45. Ra5 Rc2 46. Rc5 Kf6 47. Kg3 Ke6 48. Kf3 Kd6 49. Ke4 Re2 50. Rxc4 Re1 51. Kf5 Rg1 52. g4 Ke7 53. Rc6 Rh1 54. Rh6 Kf7 55. h4 Kg7 56. h5 Ra1 57. Bd4+ Kxh6 58. Bxa1 Kh7 59. g5 Kg8 60. g6 Kf8 61. h6 Kg8 62. h7+ Kf8 63. h8=Q+ Ke7 64. Qf6+ Kd7 65. g7 Kc7 66. g8=Q Kd7 67. Qgg7+ 1-0


[Site "https://www.chess.com"]

[Event "Titled Tuesday Blitz June 27 Early 2023"]
[White "Rodriguez Polo, Mateo"]
[Black "Matyukov, Petr"]
[WhiteFideId "24509396"]
[BlackFideId "4103688"]
[WhiteElo "2312"]
[BlackElo "2493"]
[Result "1-0"]
[Round "6"]
[TimeControl "180+2"]
[Date "2023.06.27"]
[WhiteClock "0:00:06"]
[BlackClock "0:00:00"]
[Board "167"]

1. e4 c5 2. Nf3 Nc6 3. Bb5 g6 4. O-O Bg7 5. Re1 e5 6. c3 Nge7 7. h3 O-O 8. d3 d6 9. Nbd2 a6 10. Bc4 b5 11. Bb3 Na5 12. Bc2 h6 13. Nf1 Be6 14. Bd2 Nac6 15. a4 Rb8 16. axb5 axb5 17. Ne3 Kh7 18. Ra6 b4 19. cxb4 Nxb4 20. Bxb4 Rxb4 21. Nc4 Nc8 22. Nfd2 d5 23. exd5 Bxd5 24. Nxe5 Rxb2 25. Ndc4 Qg5 26. g3 Rb8 27. h4 Qd8 28. h5 g5 29. d4+ Kg8 30. Qd3 f5 31. Ng6 Be4 32. Rxe4 fxe4 33. Qxe4 Re8 34. Nce5 Qxd4 35. Qf5 Nd6 36. Qd7 Rxe5 37. Rxd6 Re1+ 38. Kg2 Qc3 39. Ne7+ Rxe7 40. Qxe7 Rf8 41. Qe6+ Kh8 42. Bf5 Qf6 43. Qxf6 Rxf6 44. Rxf6 Bxf6 45. Bc2 Kg7 46. Kf3 Kf8 47. Ke4 Ke7 48. Kf5 Bg7 49. Kg6 Kf8 50. f4 Kg8 51. f5 Be5 52. g4 Kh8 53. Bb3 1-0


[Site "https://www.chess.com"]

[Event "Titled Tuesday Blitz June 27 Early 2023"]
[White "Begunov, Konstantin"]
[Black "Mikhaylova, Irina"]
[WhiteFideId "4118510"]
[BlackFideId "4109040"]
[WhiteElo "2443"]
[BlackElo "2299"]
[Result "0-1"]
[Round "6"]
[TimeControl "180+2"]
[Date "2023.06.27"]
[WhiteClock "0:00:00"]
[BlackClock "0:00:20"]
[Board "168"]

1. d4 Nf6 2. c4 g6 3. f3 c5 4. dxc5 Na6 5. e4 Nxc5 6. Be3 d6 7. e5 Nfd7 8. exd6 exd6 9. Bd4 Qe7+ 10. Be2 f6 11. Nc3 Nb6 12. b4 Ne6 13. Bxb6 axb6 14. Nd5 Qd8 15. Qd2 Bg7 16. Qe3 O-O 17. Nxb6 Ra6 18. c5 Rxb6 19. cxb6 d5 20. Nh3 d4 21. Qb3 Qxb6 22. Bc4 Kh8 23. O-O f5 24. Rfe1 Nc7 25. Nf4 Bd7 26. Rad1 Bc6 27. a3 Bb5 28. Nd5 Nxd5 29. Bxd5 Bc6 30. Bxc6 bxc6 31. Qc4 Rd8 32. Rd3 Qa7 0-1


[Site "https://www.chess.com"]

[Event "Titled Tuesday Blitz June 27 Early 2023"]
[White "Andreev, Konstantin"]
[Black "Georg, Heinz"]
[WhiteFideId "24239305"]
[BlackFideId "4607295"]
[WhiteElo "2433"]
[BlackElo "2287"]
[Result "1-0"]
[Round "6"]
[TimeControl "180+2"]
[Date "2023.06.27"]
[WhiteClock "0:00:23"]
[BlackClock "0:00:00"]
[Board "169"]

1. e4 e5 2. Nf3 Nc6 3. Bc4 Nf6 4. d3 d5 5. exd5 Nxd5 6. O-O Nb6 7. Bb3 Bd6 8. Re1 h6 9. a4 a5 10. d4 Bg4 11. h3 Bxf3 12. Qxf3 O-O 13. dxe5 Bxe5 14. c3 Qf6 15. Nd2 Rad8 16. Qg4 Nd5 17. Ne4 Qe7 18. f4 f5 19. Qd1 fxe4 20. Bxd5+ Kh8 21. fxe5 Qxe5 22. c4 Qg3 23. Be3 Ne5 24. Kh1 c6 25. Qe2 cxd5 26. cxd5 Rxd5 27. Rf1 Rxf1+ 28. Rxf1 Nd3 29. Bb6 Rf5 30. Rxf5 1-0


[Site "https://www.chess.com"]

[Event "Titled Tuesday Blitz June 27 Early 2023"]
[White "LeoLV10"]
[Black "Rodriguez Santiago, Jaime"]
[BlackFideId "3100898"]
[WhiteElo "2414"]
[BlackElo "2275"]
[Result "1-0"]
[Round "6"]
[TimeControl "180+2"]
[Date "2023.06.27"]
[WhiteClock "0:00:15"]
[BlackClock "0:01:02"]
[Board "170"]

1. e4 c6 2. d4 d5 3. e5 Bf5 4. h4 h5 5. Bd3 Bxd3 6. Qxd3 Qa5+ 7. Nd2 Qa6 8. c4 e6 9. Ngf3 Nh6 10. b3 c5 11. O-O Nf5 12. dxc5 Bxc5 13. Qc2 d4 14. Ne4 Be7 15. Bg5 Nc6 16. Bxe7 Ncxe7 17. Rad1 Rd8 18. b4 Qc6 19. b5 Qc7 20. a4 b6 21. Qd3 O-O 22. Rc1 Ng6 23. c5 bxc5 24. Rxc5 Qb8 25. Rfc1 Rc8 26. Nxd4 Nxe5 27. Nxf5 Nxd3 28. Ne7+ Kh7 29. Rxh5# 1-0


[Site "https://www.chess.com"]